 Dungeon Crawl Stone Soup version 0.28.0-45-g0d030f2227 (webtiles) character file.

Game seed: 17542379768215360786

93 protoss039 the Magician (level 4, 0/24 HPs)
             Began as a Deep Elf Air Elementalist on Apr 1, 2022.
             Slain by a bullfrog (8 damage)
             ... in a sewer.
             The game lasted 00:05:10 (1580 turns).

protoss039 the Magician (Deep Elf Air Elementalist) Turns: 1580, Time: 00:05:10

Health: 0/24       AC:  2    Str:  5    XL:     4   Next: 37%
Magic:  7/12       EV: 13    Int: 22    God:
Gold:   47         SH:  0    Dex: 15    Spells: 4/11 levels left

rFire   . . .      SeeInvis .   j - +1 dagger (venom)
rCold   . . .      Faith    .   (no shield)
rNeg    . . .      Spirit   .   a - +0 robe
rPois   .          Reflect  .   (no helmet)
rElec   .          Harm     .   (no cloak)
rCorr   .          Rampage  .   (no gloves)
Will    .....                   (no boots)
Stlth   ++........              (no amulet)
HPRegen 0.08/turn               (no ring)
MPRegen 0.13/turn               (no ring)

@: no status effects
A: no striking features
a: no special abilities


You were in a sewer.
You visited 1 branch of the dungeon, and saw 3 of its levels.
You also visited: Sewer.

You collected 47 gold pieces.

Inventory:

Hand Weapons
 j - a +1 dagger of venom (weapon)
Armour
 a - a +0 robe (worn)
Scrolls
 b - a scroll of fear {unknown}
 e - a scroll of torment {unknown}
 g - 3 scrolls of identify {unknown}
 h - a scroll of fog {unknown}
 i - a scroll of silence {unknown}
Potions
 c - 2 potions of might {unknown}
 d - a potion of berserk rage {unknown}
 f - a potion of curing {unknown}


   Skills:
 - Level 3.0 Dodging
 - Level 3.0 Stealth
 + Level 4.1 Spellcasting
 + Level 1.8 Conjurations
 + Level 4.0 Air Magic


You had 4 spell levels left.
You knew the following spells:

 Your Spells              Type           Power      Damage    Failure   Level
a - Shock                 Conj/Air       68%        1d7       3%          1
b - Static Discharge      Conj/Air       17%        N/A       4%          2
c - Swiftness             Air            22%        N/A       6%          3
d - Freeze                Ice            16%        1d4       11%         1

Your spell library contained the following spells:

 Spells                   Type           Power      Damage    Failure   Level
 Ensorcelled Hibernation  Hex/Ice        8%         N/A       17%         2
 Airstrike                Air            11%        N/A       21%         4
 Alistair's Intoxication  Tmut/Pois      2%         N/A       97%         5


Dungeon Overview and Level Annotations

Branches:
Dungeon (3/15)              Sewer (1/1)

Altars:

Shops:
D:1 *


Message History

You enter the shallow water.
Moving in this stuff is going to be slow.
You enter the shallow water.
Moving in this stuff is going to be slow.
You enter the shallow water.
Moving in this stuff is going to be slow.
Found a scroll labelled UZAATA VUSTIFEI and a pair of glowing gloves.
Found four items.
You enter the shallow water.
Moving in this stuff is going to be slow.
You enter the shallow water.
Moving in this stuff is going to be slow.
Found a gate leading back out of this place.
You enter the shallow water.
Moving in this stuff is going to be slow.
A bullfrog comes into view.
Casting: Shock (safe; 3% risk of failure)
Confirm with . or Enter, or press ? or * to list all spells.
Aiming: Shock (safe; 3% risk of failure)
Press: ? - help, Shift-Dir - straight line The zap hits the bullfrog.
The bullfrog is moderately wounded.
The bullfrog croaks.
The zap hits the bullfrog.
The bullfrog is moderately wounded.
Casting: Shock (safe; 3% risk of failure)
Confirm with . or Enter, or press ? or * to list all spells.
The bullfrog is struck by an arc of lightning!
The bullfrog is severely wounded.
You are struck by an arc of lightning.
The lightning grounds out.
The bullfrog hits you.
Unknown command.
Unknown command.
Casting: Static Discharge (safe; 4% risk of failure)
Confirm with . or Enter, or press ? or * to list all spells.
The bullfrog is struck by an arc of lightning.
The bullfrog is almost dead.
You are struck by an arc of lightning.
The lightning grounds out.
The bullfrog hits you. The bullfrog hits you!
You die...

#.≈≈≈≈#######################
#.≈≈≈≈# # #.≈≈≈≈# # #.≈≈≈.#
######## # #.≈≈≈≈#
####≈≈≈≈≈≈## #
#.≈≈≈≈####≈≈≈≈≈≈≈≈≈≈≈ #
#≈≈≈≈≈##≈≈≈≈≈≈≈≈≈≈≈≈≈ #
#≈≈≈≈≈#≈≈≈≈∩F≈≈≈≈≈≈≈≈ #
#≈≈≈≈≈≈≈≈≈≈.@≈≈≈.≈≈≈≈≈≈≈≈# #
#≈≈≈≈≈≈≈≈≈≈≈≈.≈:?.≈≈≈≈≈≈≈# #
#≈≈≈≈≈≈≈≈≈≈..≈≈$[!.≈≈≈≈≈≈# #
#≈≈≈≈≈≈≈≈≈≈≈.≈≈≈?≈≈≈≈≈≈≈≈# #
#≈≈≈≈≈≈≈≈≈≈≈≈≈≈≈≈≈≈≈≈≈≈≈≈# #
#≈≈≈≈≈≈≈≈≈≈≈≈..≈≈≈≈≈≈≈≈≈# #
#†≈≈≈.≈≈≈≈≈≈≈≈≈≈≈≈≈≈≈≈≈≈# #
#.≈≈≈.≈≈≈≈≈≈≈≈≈≈≈≈≈≈≈≈#######
#.≈≈≈≈..≈≈≈≈≈≈≈≈≈≈.........≈≈


You could see a bullfrog.

Vanquished Creatures
  5 adders
  5 ball pythons
  2 endoplasms (D:1)
  8 giant cockroaches
  A goblin (D:1)
  A hobgoblin (D:1)
  9 quokkas
  2 bats (D:1)
  10 frilled lizards
  A kobold (D:1)
  5 rats
49 creatures vanquished.

Notes
Turn   | Place    | Note
-------+----------+-------------------------------------------
     0 | D:1      | protoss039 the Deep Elf Air Elementalist began the quest
                  | for the Orb.
     0 | D:1      | Reached XP level 1. HP: 10/10 MP: 6/6
   235 | D:1      | Got the Almanac of the Glacier and Venom
   280 | D:1      | Reached XP level 2. HP: 15/15 MP: 8/8
   348 | D:1      | Found Cotios's Assorted Antiques.
   742 | D:1      | Learned a level 2 spell: Static Discharge
   840 | D:2      | You fall into a shaft and drop 1 floor!
   852 | D:3      | Found a glowing drain.
   878 | D:3      | Reached XP level 3. HP: 16/19 MP: 0/9
   960 | Sewer    | Entered a sewer
   984 | Sewer    | Learned a level 3 spell: Swiftness
   986 | Sewer    | Learned a level 1 spell: Freeze
  1141 | Sewer    | Reached XP level 4. HP: 13/24 MP: 0/11
  1569 | Sewer    | Noticed a bullfrog
  1580 | Sewer    | Slain by a bullfrog

Illustrated notes

Levels and vault maps discovered:
D:1:      minmay_arrival_wavy_path, layout_basic, serial_shops, shop,
          minmay_tiny_reverse_x
D:2:      layout_loops_corners, nrook_mini_backslash, uniq_natasha, uniq_robin
D:3:      layout_rooms, fedhas_ov_isle_minmay, mainiacjoe_overflow_alcove_4,
          cheibrodos_sewer_entry_drain, serial_curves, eino_curves_03,
          eino_curves_03, eino_curves_01
Sewer:    sewer_frog_island_01

Skill      XL: |  1  2  3  4 |
---------------+-------------+-----
Dodging        | 3 |  3.0
Stealth        | 3 |  3.0
Air Magic      | 4 |  4.0
Spellcasting   | 4 |  4.1
Conjurations   | |  1.8

Action                   |  1- 3 |  4- 6 || total
-------------------------+-------+-------++-------
Melee: Quarterstaff      |    26 |       ||    26
       Dagger            |    37 |    16 ||    53
 Cast: Shock             |    17 |    15 ||    32
       Static Discharge  |     6 |     2 ||     8
 Stab: Sleeping          |     4 |     1 ||     5
Armor: Robe              |    12 |     4 ||    16
Dodge: Dodged            |    62 |     6 ||    68
